 Dungeon Crawl Stone Soup version 0.30.1-11-g7821555f0a (webtiles) character file.

Game seed: 18226478419247834298

285 Okkudo the Cleaver (level 6, -1/52 HPs)
             Began as a Hill Orc Monk on Dec 1, 2023.
             Was a Believer of Beogh.
             Slain by a sleepcap (6 damage)
             ... on level 4 of the Dungeon.
             The game lasted 00:07:46 (3137 turns).

Okkudo the Cleaver (Hill Orc Monk)                  Turns: 3137, Time: 00:07:47

Health: -1/52      AC:  5    Str: 16    XL:     6   Next: 29%
Magic:  6/6        EV: 11    Int: 10    God:    Beogh [**....]
Gold:   169        SH:  5    Dex: 13    Spells: 5/5 levels left

rFire   . . .        a - +0 hand axe
rCold   . . .        d - orb {light}
rNeg    . . .        j - +0 ring mail
rPois   .            (no helmet)
rElec   .            u - scarf {repulsion}
rCorr   .            (no gloves)
SInv    .            (no boots)
Will    .....        t - amulet of reflection
Stlth   +            (no ring)
HPRegen 0.28/turn    (no ring)
MPRegen 0.10/turn

%: repel missiles, reflection
@: glowing
A: no striking features
a: Renounce Religion, Smiting


You were on level 4 of the Dungeon.
You worshipped Beogh.
Beogh was pleased with you.
You visited 1 branch of the dungeon, and saw 4 of its levels.

You collected 169 gold pieces.

Inventory:

Hand Weapons
 a - a +0 hand axe (weapon)
Armour
 d - an orb of light (worn)
 j - a +0 ring mail (worn)
 u - a scarf of repulsion (worn)
Jewellery
 t - an amulet of reflection (around neck)
Scrolls
 h - a scroll of fog
 i - a scroll of immolation
 l - 2 scrolls of vulnerability {unknown}
 n - a scroll of enchant weapon
 o - a scroll of brand weapon
 r - a scroll of enchant armour
 v - a scroll of summoning {unknown}
 w - a scroll of blinking {unknown}
Potions
 b - a potion of cancellation {unknown}
 c - 2 potions of ambrosia
 e - 3 potions of heal wounds {unknown}
 f - a potion of invisibility {unknown}
 k - a potion of mutation {unknown}
 m - a potion of haste {unknown}
 p - a potion of degeneration {unknown}
 q - a potion of flight {unknown}
 s - a potion of attraction {unknown}


   Skills:
 - Level 4.0 Fighting
 * Level 8.6 Axes
 - Level 2.6 Dodging


You had 5 spell levels left.
You didn't know any spells.
Your spell library contained the following spells:

 Spells                   Type           Power      Damage    Failure   Level
 Sting                    Tmut/Pois      0%         1d3       58%         1
 Poisonous Vapours        Pois/Air       0%         N/A       73%         2
 Olgreb's Toxic Radiance  Pois           0%         N/A       100%        4


Dungeon Overview and Level Annotations

Branches:
Dungeon (4/15)
 Temple: D:4-7

Altars:
Dithmenos


Message History

* * * LOW HITPOINT WARNING * * *
The orc attacks as you move away! The orc closely misses you.
The orc attacks as you move away! The orc hits you but does no damage.
You slash the orc!
You kill the orc!
Beogh accepts your kill.
A worm comes into view.
The worm moves out of view.
You block the gnoll's attack.
You are confused.
You feel invigorated. The gnoll closely misses you.
You're too confused to move!
The gnoll misses you.
A sleepcap comes into view.
You bump into the rock wall.
The gnoll barely misses you.
You bump into the rock wall.
The gnoll barely misses you.
You bump into the rock wall.
You feel less invigorated.
You feel less confused. The gnoll closely misses you. The sleepcap misses you.
You hit the sleepcap but do no damage.
The gnoll hits you from afar with a +0 spear!
You hit the sleepcap but do no damage. You block the sleepcap's attack.
You hit the sleepcap but do no damage. The gnoll closely misses you.
The sleepcap misses you.
You hit the sleepcap but do no damage. The gnoll barely misses you.
You block the sleepcap's attack.
You hit the sleepcap.
The sleepcap is moderately damaged.
The gnoll hits you from afar with a +0 spear.
You block the sleepcap's attack.
You slash the sleepcap!
The sleepcap is heavily damaged.
The gnoll barely misses you. The sleepcap releases spores at you.
You are engulfed in a cloud of soporific spores!
You fall asleep.
The gnoll hits you from afar with a +0 spear!
You wake up.
* * * LOW HITPOINT WARNING * * *
The sleepcap releases spores at you.
You die...

........####.#.....
.##.....# ....###.#
#.###.# ....# ..
#o# #....# .. #w#
##.#.. . #o# #.####
#g# .# #.##.###.#
......f@.#
#.########


You could see a sleepcap, a worm, a gnoll and 2 orcs.

Vanquished Creatures
  3 howler monkeys (D:4)
  7 gnolls (D:4)
  2 adders (D:2)
  3 dart slugs
  3 orcs (D:4)
  8 ball pythons
  4 endoplasms
  A giant cockroach (D:3)
  4 goblins (D:1)
  10 hobgoblins
  15 jackals
  5 kobolds
  A quokka (D:2)
  2 bats
  4 frilled lizards
  4 rats
76 creatures vanquished.

Vanquished Creatures (others)
  A hobgoblin (D:2)
1 creature vanquished.

Grand Total: 77 creatures vanquished

Notes
Turn   | Place    | Note
-------+----------+-------------------------------------------
     0 | D:1      | Okkudo the Hill Orc Monk began the quest for the Orb.
     0 | D:1      | Reached XP level 1. HP: 19/19 MP: 1/1
   268 | D:1      | Reached XP level 2. HP: 19/27 MP: 2/2
   595 | D:1      | Reached XP level 3. HP: 33/33 MP: 3/3
   749 | D:1      | Reached skill level 5 in Axes
  1160 | D:2      | Became a worshipper of Beogh the Brigand
  1160 | D:2      | Reached * piety under Beogh
  1160 | D:2      | Reached ** piety under Beogh
  1371 | D:2      | Found a shadowy altar of Dithmenos.
  1395 | D:2      | Reached XP level 4. HP: 40/40 MP: 4/4
  1882 | D:3      | Reached skill level 6 in Axes
  2661 | D:4      | Reached skill level 7 in Axes
  2661 | D:4      | Reached XP level 5. HP: 44/46 MP: 5/5
  2798 | D:4      | Reached skill level 8 in Axes
  2798 | D:4      | Reached XP level 6. HP: 48/52 MP: 6/6
  3137 | D:4      | Slain by a sleepcap

Illustrated notes

Levels and vault maps discovered:
D:1:      spicycebolla_green_bress_n_ham_2, layout_loops_ring,
          minmay_box_of_dots
D:2:      layout_basic, basic_altar, lightli_corner_chamber
D:3:      layout_basic
D:4:      lemuel_castle_with_subvaults [lemuel_castle_interior_carwin_3],
          layout_loops_corners, minmay_crossroads

Skill      XL: |  1  2  3  4  5 |
---------------+----------------+-----
Fighting       | 4 |  4.0
Axes           | 5 7 8 |  8.6
Dodging        | |  2.6

Action                     |  1- 3 |  4- 6 || total
---------------------------+-------+-------++-------
  Melee: Hand axe          |    75 |   178 ||   253
 Invoke: Convert to Beogh  |     1 |       ||     1
    Use: Scroll            |       |     7 ||     7
         Potion            |       |     1 ||     1
 Armour: Robe              |     4 |       ||     4
         Ring mail         |    19 |    60 ||    79
  Dodge: Dodged            |    28 |   103 ||   131
  Block: Orb               |       |    38 ||    38
